 Dungeon Crawl Stone Soup version 0.32-a0-909-gc671339a80 (webtiles) character file.

Game seed: 3666670943570378308

198 Griffin23 the Shield-Bearer (level 5, -1/41 (47) HPs)
             Began as a Minotaur Fighter on Apr 6, 2024.
             Killed from afar by Dowan (4 damage)
             ... with a puff of flame
             ... on level 3 of the Dungeon.
             The game lasted 00:02:59 (2598 turns).

Griffin23 the Shield-Bearer (Minotaur Fighter)      Turns: 2598, Time: 00:03:00

HP:   -1/41 (47)    AC: 12    Str: 22    XL:     5   Next: 47%
MP:   4/4           EV:  6    Int:  5    God:
Gold: 106           SH:  8    Dex: 10    Spells: 4/4 levels left

rFire   . . .        m - +1 long sword (freeze)
rCold   . . .        h - +0 kite shield
rNeg    . . .        s - +0 chain mail
rPois   .            (helmet restricted)
rElec   .            d - +0 cloak
rCorr   .            r - +0 pair of gloves
SInv    .            (no boots)
Will    .....        (no amulet) Stlth
                     (no ring)
HPRegen 0.26/turn    (no ring)
MPRegen 0.09/turn

%: no passive effects
@: lit by a corona, glowing, heavily drained
A: horns 2, retaliatory headbutt
a: no special abilities


You were on level 3 of the Dungeon.
You visited 1 branch of the dungeon, and saw 4 of its levels.

You collected 106 gold pieces.

Inventory:

Hand Weapons
 a - a +0 long sword
 m - a +1 long sword of freezing (weapon)
Missiles
 n - 4 boomerangs (quivered)
Armour
 b - a +0 scale mail
 c - a +0 buckler
 d - a +0 cloak (worn)
 h - a +0 kite shield (worn)
 r - a +0 pair of gloves (worn)
 s - a +0 chain mail (worn)
Scrolls
 f - a scroll of silence {unknown}
 i - a scroll of enchant weapon {unknown}
 j - 2 scrolls of identify {unknown}
 k - a scroll of amnesia {unknown}
 o - a scroll of acquirement {unknown}
 q - a scroll of poison {unknown}
Potions
 e - a potion of invisibility {unknown}
 g - 3 potions of heal wounds {unknown}
 l - 2 potions of attraction {unknown}
 p - 2 potions of ambrosia {unknown}


   Skills:
 + Level 4.7 Fighting
 * Level 4.4 Long Blades
 + Level 4.7 Armour
 + Level 4.7 Shields


You had 4 spell levels left.
You didn't know any spells.
Your spell library contained the following spells:

 Spells                   Type           Power      Damage    Failure   Level
 Apportation              Tloc           0%         N/A       100%        1
 Necrotise                Necr           0%         1d4       100%        1
 Sting                    Conj/Alch      0%         1d3       100%        1
 Summon Small Mammal      Summ           0%         N/A       100%        1
 Ensorcelled Hibernation  Hex/Ice        0%         N/A       100%        2
 Passwall                 Erth           0%         N/A       100%        3
 Swiftness                Air            0%         N/A       100%        3


Dungeon Overview and Level Annotations

Branches:
Dungeon (4/15)
 Temple: D:4-7

Altars:

Annotations:
D:3 Dowan, Duvessa


Innate Abilities, Weirdness & Mutations

You have a pair of horns on your head.
You reflexively headbutt those who attack you in melee.


Message History

There is a stone staircase leading down here.
You climb downwards.
Level annotation: Dowan, Duvessa You block Duvessa's attack.
Dowan casts a spell at you.
You are outlined in light.
Duvessa hits you with a +2 short sword of draining!
You feel drained.
There is a stone staircase leading up here.
Dowan hits you but does no damage.
Duvessa hits you with a +2 short sword of draining.
You feel drained.
You climb upwards.
There is a stone staircase leading down here.
You closely miss Duvessa. You headbutt Duvessa!
Duvessa is heavily wounded.
You block Dowan's attack.
Duvessa hits you with a +2 short sword of draining!
You feel drained.
You are too injured to fight recklessly!
You are too injured to fight recklessly!
You are too injured to fight recklessly!
Unknown command.
You are too injured to fight recklessly!
Unknown command.
You are too injured to fight recklessly!
You barely miss Duvessa. You headbutt Duvessa, but do no damage.
Duvessa is heavily wounded.
Dowan gestures at you while chanting. The puff of flame hits you.
You block Duvessa's attack.
You hit Duvessa but do no damage. Your headbutt misses Duvessa.
Duvessa is heavily wounded.
You block Dowan's attack.
Duvessa hits you with a +2 short sword of draining!
* * * LOW HITPOINT WARNING * * *
You feel drained.
* * * LOW HITPOINT WARNING * * *
Dowan casts a spell at you. The puff of flame hits you.
You die...

####### #.#.#.##
.#.#.#.#
#.#.#.################
.#.#.#.÷........@e...#
#.#.#.##########e###.#
.#.#.#.# #..# #.#
#.#.#.## #.## #.#
.#.#.#.########.# #.#
#.#.#.###....ß..# #.#
.#.#.#.##.⌠ß....# #.#
#.#.#.###.ß####.# #.#
.#.#.#.##..#....#
#.############


You could see Duvessa and Dowan.

Vanquished Creatures
  Crazy Yiuf (D:2)
  Robin (D:2)
  4 gnolls (D:3)
  5 adders (D:2)
  4 dart slugs
  5 orcs (D:3)
  4 ball pythons
  3 bats
  An endoplasm (D:1)
  2 giant cockroaches
  14 goblins
  10 hobgoblins
  4 kobolds
  2 quokkas
  3 frilled lizards
  3 rats
66 creatures vanquished.

Notes
Turn   | Place    | Note
-------+----------+-------------------------------------------
     0 | D:1      | Griffin23 the Minotaur Fighter began the quest for the Orb.
     0 | D:1      | Reached XP level 1. HP: 19/19 MP: 0/0
   282 | D:1      | Reached XP level 2. HP: 22/27 MP: 1/1
   790 | D:2      | Reached XP level 3. HP: 15/33 MP: 2/2
  1174 | D:2      | Noticed Robin
  1179 | D:2      | Killed Robin
  1180 | D:2      | Reached XP level 4. HP: 26/41 MP: 3/3
  1424 | D:2      | Found a runed translucent door.
  1425 | D:2      | Noticed Crazy Yiuf
  1796 | D:2      | Killed Crazy Yiuf
  1797 | D:2      | Reached XP level 5. HP: 36/47 MP: 4/4
  2579 | D:4      | Noticed Duvessa
  2579 | D:4      | Noticed Dowan
  2598 | D:3      | Killed from afar by Dowan

Illustrated notes

Levels and vault maps discovered:
D:1:      dpeg_arrival_ternary, layout_loops_ring
D:2:      layout_basic, serial_park_tiny_1, uniq_crazy_yiuf_cottage, uniq_robin
D:3:      layout_basic, chequers_decorated_corner, minmay_vboxes
D:4:      layout_gridville, grunt_gozag_breadcrumbs, minivault_23,
          hangedman_decor_points, skrybe_limestone_x, uniq_menkaure,
          uniq_duvessa

Skill      XL: |  1  2  3  4 |
---------------+-------------+-----
Fighting       | 4 |  4.7
Shields        | 4 |  4.7
Armour         | 4 |  4.7
Long Blades    | 3 4 |  4.4

Action                     |  1- 3 |  4- 6 || total
---------------------------+-------+-------++-------
  Melee: Long sword        |    90 |    76 ||   166
         Headbutt          |    13 |     8 ||    21
    Use: Potion            |       |     1 ||     1
 Armour: Scale mail        |    78 |    40 ||   118
         Chain mail        |       |     7 ||     7
  Dodge: Dodged            |    35 |    16 ||    51
  Block: Buckler           |     2 |       ||     2
         Kite shield       |    32 |    27 ||    59

Table legend: (Time is in decaauts)
 A = Elapsed time spent in this place.
 B = Non-inter-level travel time spent in this place.
 C = Inter-level travel time spent in this place.
 D = Time resting spent in this place.
 E = Time spent auto-exploring this place.
 F = Levels seen in this place.
 G = Mean time per level.
                   A        B        C        D        E       F      G
               +--------+--------+--------+--------+--------+-----+--------+
         Total |   2657 |   2499 |    158 |      0 |   2030 |   4 |  664.2 |
       Dungeon |   2657 |   2499 |    158 |      0 |   2030 |   4 |  664.2 |
               +--------+--------+--------+--------+--------+-----+--------+

Top non-repeatable levels by time:
     D:2: 1171 daAuts
     D:1: 751 daAuts
     D:3: 711 daAuts
     D:4: 22 daAuts
